AoeStats
← The Potato King

MegaRandom

509789074Analyzed
2v2 RM · 6d ago on Sep 28, 2026· 49m 0s· 4 players
Game mode
Random Map
Map size
Medium (4 player)
Population
200
Speed
Normal
Resources
Standard
Victory
Conquest
Starting age
Dark Age
Ending age
Imperial Age
RankedLock teamsTeams togetherTeam positionsShared explorationLock speedFull tech treeHidden civsTurbo modeCheats
Victory
Defeat
🇺🇸 Mongols · United States
1205
+16
🇺🇸 Tatars · United States
1200
+16
🇬🇧 Franks · United Kingdom
1201
-16
🇬🇧 Franks · United Kingdom
1197
-16
The Potato King
3:17 Loom
11:06 Feudal Age
11:53 Double-Bit Axe
15:01 Scale Barding Armor
15:07 Forging
16:16 Scale Mail Armor
23:35 Castle Age
24:45 Fletching
24:56 Padded Archer Armor
25:04 Ordonnance Companies
28:55 Bodkin Arrow
32:30 Husbandry
33:29 Ballistics
37:43 Chain Barding Armor
41:36 Wheelbarrow
45:23 Iron Casting
49:12 Imperial Age
50:05 Imperial Age
48:56 Gold Mining
Earl J Turkey
7:10 Loom
11:16 Feudal Age
14:37 Scale Barding Armor
14:43 Forging
15:09 Double-Bit Axe
23:25 Castle Age
25:43 Fletching
28:23 Ballistics
42:15 Imperial Age
40:28 Bodkin Arrow
41:37 Chain Barding Armor
42:20 Iron Casting
42:02 Bow Saw
42:14 Husbandry
42:18 Cavalier
43:41 Plate Barding Armor
44:28 Town Watch
45:20 Wheelbarrow
48:07 Blast Furnace
47:47 Elite Skirmisher
48:29 Padded Archer Armor
Darth Llahma
9:50 Loom
11:41 Feudal Age
13:05 Double-Bit Axe
17:32 Horse Collar
19:05 Fletching
25:10 Castle Age
23:58 Padded Archer Armor
24:51 Gold Mining
25:38 Scale Mail Armor
25:56 Bodkin Arrow
29:02 Bow Saw
29:13 Leather Archer Armor
31:31 Husbandry
31:42 Bloodlines
33:56 Ballistics
41:34 Imperial Age
41:59 Caravan
42:35 Bracer
44:51 Heavy Cavalry Archer
47:49 Forging
48:55 Conscription
48:38 Silk Armor
48:50 Pikeman
49:31 Squires
Darth masala
8:21 Loom
10:47 Feudal Age
11:19 Double-Bit Axe
19:46 Castle Age
18:45 Fletching
18:57 Padded Archer Armor
20:43 Bodkin Arrow
23:25 Husbandry
23:36 Bloodlines
23:55 Bow Saw
29:23 Ballistics
30:54 Leather Archer Armor
38:57 Imperial Age
38:37 Forging
38:33 Scale Barding Armor
39:18 Wheelbarrow
39:53 Iron Casting
39:03 Light Cavalry
42:33 Chain Barding Armor
42:46 Town Watch
43:10 Bracer
43:36 Caravan
46:48 Chemistry
47:33 Conscription
Connection lost

Rejoining the realm…

Still unreachable

The connection could not be restored.

Session expired

The server has moved on; the page needs a fresh start.